 Dungeon Crawl Stone Soup version 0.31-a0-83-gbff143cfd1 (webtiles) character file.

Game seed: 8336986039552976596

2 Esekla the Sneak (level 1, 0/15 (16) HPs)
             Began as an Octopode Delver on May 24, 2023.
             Slain by an orc priest
             ... wielding a +2 short sword of draining
              (4 damage)
             ... on level 5 of the Dungeon.
             The game lasted 00:00:34 (32 turns).

Esekla the Sneak (Octopode Delver)                    Turns: 32, Time: 00:00:35

HP:   0/15 (16)     AC:  1    Str: 11    XL:     1   Next: 30%
MP:   1/1           EV: 13    Int: 12    God:
Gold: 0             SH:  0    Dex: 13    Spells: 0/0 levels left

rFire   . . .        a - +0 falchion
rCold   . . .        (no shield)
rNeg    . . .        (helmet restricted)
rPois   .            (no amulet)
rElec   .            (no ring)
rCorr   .            (no ring)
SInv    .            (no ring)
Will    .....        (no ring)
Stlth   ++++         (no ring)
HPRegen 0.22/turn    (no ring)
MPRegen 0.07/turn    (no ring)
                     (no ring)

%: no passive effects
@: drained
A: almost no armour, amphibious, 8 rings, camouflage 1, gelatinous body 1,
(nimble swimmer 1), tentacles
a: no special abilities


You were on level 5 of the Dungeon.
You visited 1 branch of the dungeon, and saw 1 of its levels.

Inventory:

Hand Weapons
 a - a +0 falchion (weapon)
Wands
 f - a wand of digging (3)
Scrolls
 b - a scroll of fog
 d - a scroll of fear
Potions
 e - a potion of haste


   Skills:
 * Level 3.0 Fighting
 * Level 2.0 Long Blades
 * Level 2.0 Dodging
 + Level 6.6 Stealth


You couldn't memorise any spells.
You didn't know any spells.
Your spell library was empty.

Dungeon Overview and Level Annotations

Branches:
Dungeon (5/15)
 Temple: D:4-7

Altars:

Annotations:
D:5 Sigmund


Innate Abilities, Weirdness & Mutations

You cannot wear most types of armour.
You are amphibious.
You can wear up to eight rings at the same time.
Your skin changes colour to match your surroundings (Stealth+).
Your rubbery body absorbs attacks. (AC +1, EV +1)
((You are camouflaged when in or above water. (Stealth+)))
You have tentacles for arms and can constrict up to eight enemies at once.


Message History

The orc shouts!
You hear a shout!
An orc comes into view. It is wielding a +0 club.
There is an open door here.
You hit the orc. You grab the orc.
The orc is moderately wounded.
You constrict the orc. The orc barely misses you.
An orc priest comes into view.
It is wielding a +2 short sword of draining.
You barely miss the orc.
The orc is moderately wounded.
You constrict the orc. The orc hits you with a +0 hand axe.
You barely miss the orc.
The orc is heavily wounded.
You constrict the orc. The orc hits you with a +0 hand axe.
You hit the orc but do no damage.
The orc is almost dead.
You constrict the orc.
You kill the orc!
The orc priest looks encouraged for a moment.
The orc priest looks satisfied for a moment.
You hear a shout!
You closely miss the orc priest. You grab the orc priest.
You squeeze the orc priest.
The orc priest is lightly wounded.
You constrict the orc priest.
You hear a shout! x2
The orc priest escapes!
The orc priest hits you with a +2 short sword of draining.
You feel drained.
* * * LOW HITPOINT WARNING * * *
The orc misses you.
You barely miss the orc priest. Your grab misses the orc priest.
The orc priest is moderately wounded.
The orc priest mumbles some strange prayers to Beogh against you.
You barely resist. The orc closely misses you.
You hit the orc priest but do no damage.
You grab the orc priest.
The orc priest is moderately wounded.
You constrict the orc priest, but do no damage.
The orc priest hits you with a +2 short sword of draining.
You die...

* *,,,*,,,,* *,,,,,,,,* *
*,,,*,,,,* *,....,,<* *
*,,,*,,,,* *,....,,,* *
***+**,,**######**..#*,,,* **
**,,*****##....###..#*,,,* ,*
*,,,,,,,,#..........#,,,,* ,*
*,,,,,,,,#..........#,,,,* ,*
*,,,,,,,,#..........#,,,,* ,*
*,,,,,,,,#o@....>...#,,,,* ,*
******,**#o######.###*,,,* ,*
****,###.<.#**#.#***,,,* ,*
*,<,,#.....#,,@.)*,,,,,* ,*
*,,,,#..o..#,....#,,,,,* **
*******,####.o#######,,,,,*
*****,,****,***#o.#*,,,**,,,,,*
,,,*,,,,,*,,,,,....,,,,**,,,,,*
,,,+,,,,,+,,,,,.....,,,,,,,,,,*


You could see an orc priest and 2 orcs.

Vanquished Creatures
  An orc (D:5)
1 creature vanquished.

Notes
Turn   | Place    | Note
-------+----------+-------------------------------------------
     0 | D:5      | Esekla the Octopode Delver began the quest for the Orb.
     0 | D:5      | Reached XP level 1. HP: 16/16 MP: 1/1
     0 | D:5      | Noticed Sigmund
    21 | D:5      | Noticed an orc priest
    32 | D:5      | Slain by an orc priest

Illustrated notes

Levels and vault maps discovered:
D:5:      layout_gridville, grunt_temple_overflow_diamond, uniq_pikel,
          uniq_duvessa, uniq_sigmund

Action                     || total
---------------------------++-------
  Melee: Falchion          ||     7
         Constrict         ||     3
         Tentacles         ||     1
    Use: Scroll            ||     1
  Dodge: Dodged            ||     3

Table legend: (Time is in decaauts)
 A = Elapsed time spent in this place.
 B = Non-inter-level travel time spent in this place.
 C = Inter-level travel time spent in this place.
 D = Time resting spent in this place.
 E = Time spent auto-exploring this place.
 F = Levels seen in this place.
 G = Mean time per level.
                   A        B        C        D        E       F      G
               +--------+--------+--------+--------+--------+-----+--------+
         Total |     33 |     33 |      0 |      0 |      0 |   1 |   33.0 |
       Dungeon |     33 |     33 |      0 |      0 |      0 |   1 |   33.0 |
               +--------+--------+--------+--------+--------+-----+--------+

Top non-repeatable levels by time:
     D:5: 33 daAuts
